 Dungeon Crawl Stone Soup version 0.31-a0-177-g4aa6249778 (webtiles) character file.

Game seed: 17121039519934446407

37 qw the Shooter (level 3, -6/32 HPs)
             Began as a Naga Hunter on June 18, 2023.
             Mangled by Duvessa
             ... wielding a +3 short sword of venom
              (12 damage)
             ... on level 4 of the Dungeon.
             The game lasted 00:00:17 (1334 turns).

qw the Shooter (Naga Hunter)                        Turns: 1334, Time: 00:00:18

Health: -6/32      AC:  3    Str: 19    XL:     3   Next: 39%
Magic:  3/3        EV:  9    Int:  9    God:
Gold:   99         SH:  0    Dex: 16    Spells: 2/2 levels left

rFire   . . .        Y - +1 shortbow
rCold   . . .        (shield currently unavailable)
rNeg    . . .        c - +0 leather armour
rPois   +            j - +0 helmet
rElec   .            (no cloak)
rCorr   .            (no gloves)
SInv    +            (no barding)
Will    .....        (no amulet)
Stlth   ++           d - +6 ring of strength
HPRegen 0.25/turn    (no ring)
MPRegen 0.08/turn

%: no passive effects
@: lethally poisoned (-6 -> -25), short of breath, very slow
A: AC +1, large, see invisible, deformed body, poison resistance, slowness 2,
spit poison 1, naga tail 1
a: Spit Poison


You were on level 4 of the Dungeon.
You visited 1 branch of the dungeon, and saw 3 of its levels.

You collected 99 gold pieces.


Innate Abilities, Weirdness & Mutations

Your serpentine skin is tough. (AC +1)
You have supernaturally acute eyesight. (SInv)
Armour fits poorly on your strangely shaped body.
Your system is resistant to poisons. (rPois)
You cover ground very slowly.
You can spit poison.
You have a snake-like lower body.


   Skills:
 - Level 2.0 Fighting
 + Level 4.6 Ranged Weapons
 - Level 1.5 Dodging
 - Level 1.5 Stealth


You had 2 spell levels left.
You didn't know any spells.
Your spell library was empty.

Inventory:

Hand Weapons
 Y - a +1 shortbow (weapon)
Armour
 c - a +0 leather armour (worn)
 j - a +0 helmet (worn)
Jewellery
 d - a +6 ring of strength (left hand)
Scrolls
 a - a scroll of silence {unknown}
 b - a scroll of vulnerability {unknown}
 e - a scroll of poison {unknown}
 h - 2 scrolls of identify {unknown}
 k - a scroll of revelation {unknown}
 l - a scroll of enchant armour {unknown}
Potions
 f - 2 potions of enlightenment {unknown}
 g - 3 potions of curing {unknown}
 i - a potion of cancellation {unknown}

Dungeon Overview and Level Annotations

Branches:
Dungeon (2/15)

Altars:

Annotations:
D:4 Dowan, Duvessa


Message History

a +0 short sword; 8 poisoned darts You now have 99 gold pieces (gained 11).
You open the door.
Duvessa and Dowan come into view.
Duvessa is wielding a +3 short sword of venom.
Dowan is wielding a +0 dagger and wearing a +2 robe of resistance.
1328 ||| INVOKING Spit Poison.
Aiming: Spit Poison (2% risk of failure)
Press: ? - help, Shift-Dir - straight line, f - Duvessa The splash of poison hits Duvessa.
Duvessa is poisoned.
Duvessa is lightly wounded.
Duvessa shouts!
You shoot an arrow. The arrow hits Duvessa.
Duvessa is moderately wounded.
Dowan smirks and points a slender finger.
You shoot an arrow. The arrow barely misses Duvessa.
The arrow hits Dowan.
Dowan is lightly wounded.
You shoot an arrow. The arrow hits Duvessa.
Duvessa is moderately wounded.
You have got your breath back.
1332 ||| INVOKING Spit Poison.
Aiming: Spit Poison (2% risk of failure)
Press: ? - help, Shift-Dir - straight line, f/p - Duvessa The splash of poison hits Duvessa.
Duvessa looks even sicker.
Duvessa is heavily wounded.
Duvessa closely misses you. Dowan hits you but does no damage.
You shoot an arrow.
The arrow hits Duvessa but does no damage.
Duvessa is heavily wounded.
Duvessa hits you with a +3 short sword of venom.
You are poisoned.
Dowan hits you with a +0 dagger.
Duvessa hits you with a +3 short sword of venom!
You are lethally poisoned!
Dowan hits you with a +0 dagger.
You shoot an arrow.
The arrow hits Duvessa but does no damage.
Duvessa is heavily wounded.
You feel extremely sick.
Duvessa hits you with a +3 short sword of venom!
You die...

...... ... ......
.% ...# .#
#.####.#####
#....).....#
#..........# ##+#+
#...%......#
#}....#e##.......#
#8....e@##.......#
#}....#......##..#
#######......######
...............#
#..............#
#....##...##..##
#....##...# ###
#.....#.... #...
#....#


You could see Duvessa (very poisoned) and Dowan.

Vanquished Creatures
  An adder (D:4)
  3 endoplasms (D:1)
  3 goblins
  2 hobgoblins
  2 jackals (D:1)
  3 kobolds
  3 quokkas
  3 ball pythons
  A bat (D:1)
  A frilled lizard (D:1)
  3 rats (D:1)
25 creatures vanquished.

Notes
Turn   | Place    | Note
-------+----------+-------------------------------------------
     0 | D:1      | qw the Naga Hunter began the quest for the Orb.
     0 | D:1      | Reached XP level 1. HP: 19/19 MP: 1/1
     0 | D:1      | 0 ||| qw: Version: 0.3-a-7-ge0c9b40
     0 | D:1      | 0 ||| qw: Game counter: 780
     0 | D:1      | 0 ||| qw: Always use a shield: true
     0 | D:1      | 0 ||| qw: God list: Okawaru
     0 | D:1      | 0 ||| qw: Allow faded altars: false
     0 | D:1      | 0 ||| qw: Do Orc after D:15 true
     0 | D:1      | 0 ||| qw: Do second Lair branch before Depths: true
     0 | D:1      | 0 ||| qw: Lair rune preference: random
     0 | D:1      | 0 ||| qw: Plans: Normal
     0 | D:1      | 0 ||| PLANNING D:1-11
    60 | D:1      | 60 ||| INVOKING Spit Poison.
    85 | D:1      | 85 ||| INVOKING Spit Poison.
    90 | D:1      | 90 ||| INVOKING Spit Poison.
   248 | D:1      | 248 ||| INVOKING Spit Poison.
   249 | D:1      | 249 ||| INVOKING Spit Poison.
   279 | D:1      | 279 ||| INVOKING Spit Poison.
   280 | D:1      | Reached skill level 4 in Ranged Weapons
   280 | D:1      | Reached XP level 2. HP: 26/26 MP: 2/2
   405 | D:1      | 405 ||| INVOKING Spit Poison.
   488 | D:1      | 488 ||| INVOKING Spit Poison.
   688 | D:1      | 688 ||| INVOKING Spit Poison.
   991 | D:1      | 991 ||| UPGRADING to +0 helmet.
   996 | D:1      | 996 ||| UPGRADING to +6 ring of strength.
   997 | D:1      | 997 ||| READING scroll labelled HUDEOM COUNUBE.
   998 | D:1      | 998 ||| READING scroll labelled PUEWNI SYQOAX.
   999 | D:1      | 999 ||| DROPPING scroll of butterflies.
  1070 | D:2      | 1070 ||| INVOKING Spit Poison.
  1077 | D:2      | 1077 ||| INVOKING Spit Poison.
  1119 | D:2      | 1119 ||| INVOKING Spit Poison.
  1224 | D:2      | Found a faded altar of an unknown god.
  1269 | D:2      | You fall into a shaft and drop 2 floors!
  1277 | D:4      | 1277 ||| INVOKING Spit Poison.
  1281 | D:4      | Reached XP level 3. HP: 32/32 MP: 3/3
  1282 | D:4      | 1282 ||| INVOKING Spit Poison.
  1283 | D:4      | 1283 ||| INVOKING Spit Poison.
  1288 | D:4      | 1288 ||| INVOKING Spit Poison.
  1291 | D:4      | 1291 ||| INVOKING Spit Poison.
  1309 | D:4      | 1309 ||| INVOKING Spit Poison.
  1327 | D:4      | Noticed Duvessa
  1327 | D:4      | Noticed Dowan
  1328 | D:4      | 1328 ||| INVOKING Spit Poison.
  1332 | D:4      | 1332 ||| INVOKING Spit Poison.
  1334 | D:4      | HP: 6/32 [poisoned by Duvessa]
  1334 | D:4      | Mangled by Duvessa

Levels and vault maps discovered:
D:1:      kilobyte_arrival_exit_the_forest, layout_loops_corners
D:2:      minmay_roachtagon, layout_loops_ring, shapermc_ecumenical_altar_venn,
          basic_altar, hex_medium
D:4:      dreamdust_elfheim, layout_gridville, temple_statues, hex_tiny,
          minivault_5

Skill      XL: |  1 |
---------------+----+-----
Ranged Weapons | 4 |  4.6
Fighting       | |  2.0
Dodging        | |  1.5
Stealth        | |  1.5

Action                     || total
---------------------------++-------
   Fire: Shortbow          ||    35
Ability: Spit Poison       ||    18
    Use: Scroll            ||     2
 Armour: Leather armour    ||     4
  Dodge: Dodged            ||    11

Table legend:
 A = Non-vault XP
 B = Vault XP
 C = Vault XP percentage of total XP
 D = Non-vault monster count
 E = Vault monster count
 F = Vault count percentage of total count
                 A         B        C        D         E       F
            +---------+---------+-------+---------+---------+-------
      Total |      53 |       0 |   0.0 |      25 |       0 |   0.0
            +---------+---------+-------+---------+---------+-------
        D:1 |      26 |       0 |   0.0 |      16 |       0 |   0.0
        D:2 |       6 |       0 |   0.0 |       3 |       0 |   0.0
        D:4 |      21 |       0 |   0.0 |       6 |       0 |   0.0
            +---------+---------+-------+---------+---------+-------
